 Dungeon Crawl Stone Soup version 0.29.0-3-gbb0933ed62 (webtiles) character file.

Game seed: 4918373872658493146

1280 jamesp the Conjurer (level 8, -7/66 HPs)
             Began as a Yellow Draconian Conjurer on Aug 25, 2022.
             Mangled by Edmund
             ... wielding a +2 vorpal dire flail
              (15 damage)
             ... on level 5 of the Dungeon.
             The game lasted 00:22:17 (7464 turns).

jamesp the Conjurer (Yellow Draconian Conjurer)     Turns: 7464, Time: 00:22:18

Health: -7/66      AC: 14    Str: 10    XL:     8   Next: 29%
Magic:  12/16      EV: 12    Int: 19    God:
Gold:   342        SH:  0    Dex: 11    Spells: 15/18 levels left

rFire   . . .      SeeInvis .   r - +1 whip (venom)
rCold   . . .      Faith    .   (no shield)
rNeg    . . .      Spirit   .   (body armour unavailable)
rPois   .          Reflect  .   (helmet restricted)
rElec   .          Harm     .   o - +1 cloak of Winter {rCorr}
rCorr   +          Rampage  .   (no gloves)
Will    .....                   f - +1 pair of boots
Stlth   ++........              (no amulet)
HPRegen 0.21/turn               j - +4 ring of protection
MPRegen 0.15/turn               (no ring)

@: short of breath
A: spit acid, AC +6, unfitting armour, cold-blooded, acid resistance
a: Breathe Acid


You were on level 5 of the Dungeon.
You visited 2 branches of the dungeon, and saw 7 of its levels.

You collected 342 gold pieces.

Inventory:

Hand Weapons
 q - a +0 spear of flaming
 r - a +1 whip of venom (weapon)
Missiles
 b - 38 stones
 l - 15 poisoned darts
 t - 2 boomerangs
 w - 2 throwing nets
Armour
 f - a +1 pair of boots (worn)
 o - the +1 cloak of Winter (worn) {rCorr}
   (You found it on level 2 of the Dungeon)

   rCorr:     It protects you from acid and corrosion.
Jewellery
 j - a +4 ring of protection (left hand)
 n - an amulet of faith
 G - an amulet of regeneration
Wands
 k - a wand of paralysis (14)
Scrolls
 d - a scroll of identify
 e - a scroll of enchant armour
 h - a scroll of acquirement {unknown}
 i - a scroll of teleportation {unknown}
 m - a scroll of blinking {unknown}
 p - 2 scrolls of immolation
 u - a scroll of noise {unknown}
 v - a scroll of silence {unknown}
 y - 4 scrolls of poison
 z - a scroll of fear {unknown}
 C - a scroll of enchant weapon {unknown}
 E - a scroll of magic mapping {unknown}
 F - a scroll of vulnerability {unknown}
Potions
 a - a potion of magic
 c - a potion of lignification
 g - 2 potions of mutation
 s - 3 potions of attraction
 x - a potion of resistance
 A - a potion of curing
 D - a potion of ambrosia
 H - a potion of degeneration {unknown}


   Skills:
 - Level 4.0 Fighting
 + Level 2.8 Maces & Flails
 - Level 3.0 Dodging
 - Level 1.7 Stealth
 + Level 5.6 Spellcasting
 + Level 7.1 Conjurations


You had 15 spell levels left.
You knew the following spells:

 Your Spells              Type           Power      Damage    Failure   Level
a - Magic Dart            Conj           100%       1d8       1%          1
b - Searing Ray           Conj           64%        2d6       1%          2

Your spell library contained the following spells:

 Spells                   Type           Power      Damage    Failure   Level
 Dazzling Flash           Conj/Hex       36%        N/A       9%          3
 Freeze                   Ice            20%        1d4       12%         1
 Fulminant Prism          Conj/Hex       9%         3d7       26%         4
 Hailstorm                Conj/Ice       18%        3d6       26%         4
 Iskenderun's Mystic Bla  Conj/Tloc      18%        2d6       26%         4
 Frozen Ramparts          Ice            10%        1d2       34%         3


Dungeon Overview and Level Annotations

Branches:
Dungeon (6/15)             Temple (1/1) D:5

Altars:
Ashenzari
Dithmenos
Elyvilon
Fedhas
Gozag
Kikubaaqudgha
Makhleb
Nemelex Xobeh
Okawaru
Qazlal
Ru
Trog
Uskayaw
Vehumet
Wu Jian
Xom
Yredelemnul
Zin
The Shining One

Shops:
D:6 =

Annotations:
D:4 3 runed translucent doors, Joey1's ghost, amateur MiFi
D:5 Edmund
D:6 Grinder


Innate Abilities, Weirdness & Mutations

You can spit globs of acid.
Your golden yellow scales are hard. (AC +6)
You cannot fit into any form of body armour.
You are cold-blooded and may be slowed by cold attacks.
You are resistant to acid. (rCorr)


Message History

You have got your breath back.
Press: ? - help, Shift-Dir - straight line, f - Edmund
Aim: Edmund, wielding a +2 vorpal dire flail and wearing a +0 scale mail of cold resistance (strong, 69% to hit)
You spit a glob of acid.
The glob of acid hits Edmund!!
The acid corrodes Edmund!
Edmund is heavily wounded.
Edmund hits you but does no damage. Edmund attacks as you move away!
Edmund hits you with a +2 vorpal dire flail!
Edmund attacks as you move away! Edmund barely misses you.
Edmund attacks as you move away! Edmund misses you.
Edmund is no longer covered in acid.
Edmund attacks as you move away! Edmund barely misses you.
Edmund attacks as you move away! Edmund closely misses you.
Edmund attacks as you move away! Edmund closely misses you.
Edmund attacks as you move away!
Edmund hits you with a +2 vorpal dire flail!
* * * LOW HITPOINT WARNING * * *
Edmund attacks as you move away!
Edmund hits you with a +2 vorpal dire flail!
* * * LOW HITPOINT WARNING * * *
x2 You feel much better.
Edmund hits you with a +2 vorpal dire flail!
Casting: Searing Ray (safe; 1% risk of failure)
Confirm with . or Enter, or press ? or * to list all spells.
Aiming: Searing Ray (safe; 1% risk of failure)
Press: ? - help, Shift-Dir - straight line, f/p - Edmund
Aim: Edmund, wielding a +2 vorpal dire flail and wearing a +0 scale mail of cold resistance (heavily wounded, strong, 83% to hit)
The searing ray hits Edmund!
Edmund is heavily wounded. (Press . to maintain the ray.) Edmund hits you with a +2 vorpal dire flail!
* * * LOW HITPOINT WARNING * * *
x2 The searing ray hits Edmund.
Edmund is severely wounded.
Edmund hits you but does no damage.
The searing ray hits Edmund.
Edmund is severely wounded.
Edmund hits you with a +2 vorpal dire flail!
You die...

#....................##....##....
##..#.##..#.##......#####.##.....
##.......#####......##.##........
......~.~~# ##.....#.............
.....~....###.....##.##.#........
...~.~............#8.8#.#......#.
..........#.###.........#......##
.........#####....#8.8###.......#
.........#####..@.##.##..........
.......####.##..@.............#..
#..#.#...#...................####
#[.###.รท###.###..............##.#
...# #......#....>............#[)
#### ##...............##........#
# ##..............###.....###
####...............##....>###
##.###......#####...##...<.##)


You could see Edmund (strong).

Vanquished Creatures
  Sigmund (D:2)
  Eustachio (D:5)
  An ogre (D:5)
  A necrophage (D:5)
  3 scorpions
  A wight (D:6)
  A gnoll bouda (D:5)
  An orc priest (D:3)
  4 orc wizards
  7 iguanas
  8 gnolls
  6 adders
  A shadow imp (D:6)
  3 ufetubi
  3 dart slugs
  17 orcs
  4 endoplasms
  A giant cockroach (D:1)
  8 goblins
  2 hobgoblins
  2 jackals (D:4)
  A kobold (D:3)
  3 quokkas
  5 ball pythons
  5 bats
  2 frilled lizards
  7 rats
99 creatures vanquished.

Vanquished Creatures (others)
  An orc wizard (D:5)
  3 fungi
  17 plants
  5 toadstools (D:2)
26 creatures vanquished.

Grand Total: 125 creatures vanquished

Notes
Turn   | Place    | Note
-------+----------+-------------------------------------------
     0 | D:1      | jamesp the Draconian Conjurer began the quest for the Orb.
     0 | D:1      | Reached XP level 1. HP: 14/14 MP: 3/3
   801 | D:1      | Reached XP level 2. HP: 20/20 MP: 1/5
   928 | D:1      | Found a faded altar of an unknown god.
  1450 | D:2      | Reached XP level 3. HP: 26/26 MP: 1/6
  1955 | D:2      | Noticed Sigmund
  1970 | D:2      | Learned a level 2 spell: Searing Ray
  2029 | D:2      | Identified the +1 cloak of Winter {rCorr}
  3487 | D:4      | Noticed a scorpion
  3499 | D:4      | Reached XP level 4. HP: 30/33 MP: 2/8
  3503 | D:4      | Killed a scorpion
  3690 | D:2      | HP: 1/33 [Sigmund/puff of flame (11)]
  3693 | D:2      | Killed Sigmund
  3694 | D:2      | Reached skill level 5 in Conjurations
  3694 | D:2      | Reached XP level 5. HP: 12/41 MP: 4/10
  3694 | D:2      | Reached XP level 6. HP: 14/48 MP: 4/11
  4060 | D:3      | HP: 2/48 [something/magic dart (2)]
  5152 | D:5      | Entered Level 5 of the Dungeon
  5152 | D:5      | Noticed Eustachio
  5344 | D:4      | Found a radiant altar of Vehumet.
  5348 | D:4      | Found a glowing silver altar of Zin.
  5375 | D:4      | Found a runed translucent gate.
  5434 | D:4      | Noticed Joey1's ghost (amateur MiFi)
  5436 | D:4      | Found a runed translucent gate.
  5436 | D:4      | Found a runed translucent gate.
  5687 | D:5      | Killed Eustachio
  5688 | D:5      | Reached skill level 6 in Conjurations
  5688 | D:5      | Your scales start taking on a golden yellow colour.
  5688 | D:5      | Reached XP level 7. HP: 50/57 MP: 13/13
  5688 | D:5      | Gained mutation: You are resistant to acid. (rCorr) [Yellow
                  | Draconian growth]
  5988 | D:5      | Reached skill level 5 in Spellcasting
  6003 | D:5      | Reached skill level 1 in Maces & Flails
  6369 | D:4      | Reached XP level 8. HP: 33/66 MP: 15/15
  6560 | D:5      | Found a staircase to the Ecumenical Temple.
  6569 | Temple   | Entered the Ecumenical Temple
  6785 | D:5      | Found an iron altar of Okawaru.
  7264 | D:6      | Found Bawis's Jewellery Shoppe.
  7282 | D:6      | Reached skill level 7 in Conjurations
  7375 | D:6      | Noticed Edmund
  7417 | D:6      | Noticed Grinder
  7417 | D:6      | Paralysed by Grinder for 2 turns
  7464 | D:5      | Mangled by Edmund

Illustrated notes

Levels and vault maps discovered:
D:1:      dpeg_arrival_snail, layout_basic, shapermc_ecumenical_altar_pompeii,
          minmay_parallelograms, serial_bayou_lagoon_a,
          hangedman_abyss_or_decor_lesser_grid, chequers_serial_rivers_micro_b
D:2:      layout_basic, minmay_gold_behind_fungi, uniq_sigmund
D:3:      layout_loops_cross
D:4:      layout_loops_corners, nicolae_overflow_hidden_temple,
          gammafunk_ghost_nasty_kobolds, serial_bayou, serial_bayou_shore_a,
          serial_bayou_pond_b, serial_bayou_pond_c, serial_bayou_pond_d,
          grunt_ministairs_4, minmay_misc_feat_ornament
D:5:      layout_cave_pools, lemuel_tele_altar, lemuel_temple_firewalk_b,
          small_statue_intersection, chequers_serial_rivers_micro_c,
          uniq_eustachio
D:6:      layout_rooms, serial_shops, nicolae_shop_trees, uniq_grinder,
          uniq_edmund
Temple:   kb_temple_of_zot

Skill      XL: |  1  2  3  4  5  6  7  8 |
---------------+-------------------------+-----
Dodging        | 2 3 |  3.0
Spellcasting   | 3 4 5 |  5.6
Fighting       | 2 3 4 |  4.0
Conjurations   | 5 6 7 |  7.1
Maces & Flails | 1 2 |  2.8
Stealth        | |  1.7

Action                   |  1- 3 |  4- 6 |  7- 9 || total
-------------------------+-------+-------+-------++-------
Melee: Mace              |     9 |       |       ||     9
       Spear             |    27 |    44 |       ||    71
       Tailslap          |     3 |     5 |    10 ||    18
       Whip              |       |    19 |    91 ||   110
       Punch             |       |     2 |     1 ||     3
 Cast: Magic Dart        |    63 |    43 |    14 ||   120
       Searing Ray       |     2 |     6 |     7 ||    15
 Abil: Breathe Acid      |       |       |     6 ||     6
  Use: Scroll            |     2 |     4 |     4 ||    10
       Potion            |       |     2 |     1 ||     3
 Stab: Sleeping          |       |     2 |       ||     2
Armor: Skin              |    16 |    46 |    83 ||   145
Dodge: Dodged            |    44 |    30 |    85 ||   159
